 Dungeon Crawl Stone Soup version 0.19.0-16-g73b5abf (webtiles) character file.

1165 Lochraine the Bolt Thrower (level 8, -9/46 HPs)
             Began as a Kobold Arcane Marksman on Nov 10, 2016.
             Was an Elder of Cheibriados.
             Mangled by an orc warrior
             ... wielding a +0 scimitar
              (19 damage)
             ... on level 4 of the Dungeon.
             The game lasted 00:19:31 (5136 turns).

Lochraine the Bolt Thrower (Kobold Arcane Marksman) Turns: 5136, Time: 00:19:32

Health: -9/46      AC: 11    Str: 18    XL:     8   Next: 67%
Magic:  11/11      EV: 16    Int: 23    God:    Cheibriados [****..]
Gold:   158        SH:  0    Dex: 25    Spells: 2 memorised, 8 levels left

rFire  . . .     SeeInvis .     a - +1 hand crossbow
rCold  + . .     Gourm    .     w - +4 scale mail {rC+}
rNeg   . . .     Faith    .     (shield restricted)
rPois  .         Spirit   .     (no helmet)
rElec  .         Reflect  .     (no cloak)
rCorr  .         Harm     .     i - +0 pair of gloves (curse)
MR     .....                    (no boots)
Stlth  ++........               (no amulet)
                                (no ring)
                                (no ring)

@: very slow
A: carnivore 3
a: Bend Time, Temporal Distortion, Slouch, Renounce Religion


You were on level 4 of the Dungeon.
You worshipped Cheibriados.
Cheibriados was greatly pleased with you.
You were completely stuffed.

You visited 1 branch of the dungeon, and saw 5 of its levels.

You collected 233 gold pieces.
You spent 75 gold pieces at shops.

Inventory:

Hand Weapons
 a - a +1 hand crossbow (weapon)
 b - a +1 short sword of flaming
 y - a +1 dagger of protection
Armour
 e - a +0 robe
 i - a cursed +0 pair of gloves (worn)
 j - a +0 leather armour
 q - a +0 pair of gloves
 w - a +4 scale mail of cold resistance (worn)
 z - a +2 robe of resistance
Jewellery
 F - an uncursed ring of poison resistance {unknown}
Wands
 D - a wand of slowing (11/48)
Scrolls
 g - a scroll of identify
 h - a scroll of fog
 k - a scroll of amnesia
 o - a scroll of magic mapping {unknown}
 v - a scroll of enchant armour {unknown}
 x - a scroll of random uselessness
 B - 2 scrolls of remove curse
 C - a scroll of recharging {unknown}
 E - a scroll of teleportation {unknown}
 G - 2 scrolls of enchant weapon
Potions
 n - 2 potions of haste
 r - a potion of flight
Books
 c - a book of Debilitation

   Spells                             Type                      Level
   a - Corona                         Hexes                        1
   b - Slow                           Hexes                        2
   c - Gell's Gravitas                Hexes/Translocation          3
   d - Inner Flame                    Hexes/Fire                   3
   e - Cause Fear                     Hexes                        4
   f - Leda's Liquefaction            Hexes/Earth                  4
Comestibles
 f - 4 meat rations
 l - 2 slices of pizza


   Skills:
 - Level 3.4 Fighting
 + Level 7.4 Crossbows
 - Level 2.1 Armour
 - Level 5.0 Dodging
 - Level 5.1 Stealth
 - Level 2.0 Spellcasting
 - Level 4.3 Hexes
 * Level 0.0 Invocations


You had 8 spell levels left.
You knew the following spells:

 Your Spells              Type           Power        Failure   Level  Hunger
a - Corona                Hex            ###....      10%         1    #......
b - Slow                  Hex            ###.....     12%         2    ##.....


Dungeon Overview and Level Annotations

Branches:
Dungeon (5/15)
 Temple: D:4-7

Altars:
Cheibriados
Dithmenos
Uskayaw
Zin
The Shining One

Shops:
D:4 *


Innate Abilities, Weirdness & Mutations

You are small and have problems with some larger weapons.
You are carnivorous and can eat meat at any time.


Message History

Aim: an orc warrior, wielding a scimitar and wearing a chain mail (softly glowing)
You shoot a bolt. The bolt hits the orc warrior.
The orc warrior is lightly wounded.
The orc warrior closely misses you. The orc closely misses you.
Firing (i - inventory):
t - 2 bolts (quivered)
Press: ? - help, Shift-Dir - straight line, f/p - orc warrior
Aim: an orc warrior, wielding a scimitar and wearing a chain mail (lightly wounded, softly glowing)
You shoot a bolt. The bolt hits the orc warrior.
The orc warrior is moderately wounded.
The orc warrior barely misses you. The orc barely misses you.
Firing (i - inventory):
t - a bolt (quivered)
Press: ? - help, Shift-Dir - straight line, f/p - orc warrior
Aim: an orc warrior, wielding a scimitar and wearing a chain mail (moderately wounded, softly glowing)
You shoot a bolt. The bolt hits the orc warrior!
The orc warrior is severely wounded.
The orc warrior hits you with a scimitar!
* * * LOW HITPOINT WARNING * * *
The orc misses you.
The orc warrior hits you with a scimitar!!
You die...

#################...#≈≈≈≈≈≈≈≈≈#
≈≈≈≈≈≈≈≈≈≈≈≈≈≈≈≈#####≈≈≈≈≈≈≈≈≈#
≈≈≈≈≈≈≈≈≈≈≈≈≈≈≈≈≈≈≈≈≈≈≈≈≈≈≈≈≈≈#
≈≈≈≈≈≈≈≈≈≈≈≈≈≈≈≈≈≈≈≈≈≈≈≈≈≈≈≈≈≈#
..≈≈≈.≈≈≈≈..≈.≈.≈≈≈≈≈.≈≈≈≈.≈.≈#
..............................#
..............................#
.###......########..######...##
...#.####.####oo@...........##
.............%>####.#########
.#...####.##.### #.#
###.......##.######.#
..+..............##.#
###......#.#.###.##.#
#......#.#.# #.##.#
#......#.#.# #.#..#
######'###.#.# #.#.##


You could see an orc warrior and an orc.

Vanquished Creatures
  Grinder (D:4)
  Sigmund (D:3)
  A phantom (D:4)
  4 big kobolds (D:4)
  A hound (D:4)
  An orc priest (D:4)
  An orc wizard (D:4)
  Jessica (D:3)
  Ijyb (D:3)
  Terence (D:3)
  11 gnolls (D:4)
  A howler monkey skeleton (D:4)
  An adder (D:3)
  3 oozes
  An adder skeleton (D:4)
  A worm (D:2)
  A dart slug (D:1)
  6 leopard geckos
  11 orcs
  3 giant cockroaches
  29 goblins
  25 hobgoblins
  2 jackals
  4 quokkas
  6 bats
  3 frilled lizards
  12 kobolds
  13 rats
146 creatures vanquished.

Notes
Turn   | Place    | Note
-------+----------+-------------------------------------------
     0 | D:1      | Lochraine the Kobold Arcane Marksman began the quest for the Orb.
     0 | D:1      | Reached XP level 1. HP: 12/12 MP: 2/2
    97 | D:1      | Reached XP level 2. HP: 16/16 MP: 4/4
   492 | D:1      | Reached XP level 3. HP: 20/20 MP: 5/5
   661 | D:1      | Reached skill level 3 in Crossbows
   895 | D:2      | Learned a level 2 spell: Slow
  1197 | D:2      | Found a glowing golden altar of the Shining One.
  1591 | D:2      | Found a faded altar of an unknown god.
  1593 | D:2      | Reached XP level 4. HP: 25/25 MP: 7/7
  1723 | D:2      | Became a worshipper of Cheibriados the Contemplative
  1723 | D:2      | Reached * piety under Cheibriados
  2086 | D:3      | Noticed Sigmund
  2117 | D:3      | Reached skill level 1 in Stealth
  2131 | D:2      | Reached ** piety under Cheibriados
  2631 | D:4      | Found a hide-covered altar of Uskayaw.
  2890 | D:3      | Noticed Grinder
  2893 | D:3      | Paralysed by Grinder for 3 turns
  2929 | D:3      | Killed Sigmund
  2929 | D:3      | Reached skill level 4 in Crossbows
  2929 | D:3      | Reached XP level 5. HP: 17/29 MP: 6/8
  2929 | D:3      | Reached XP level 6. HP: 20/34 MP: 6/9
  2984 | D:3      | Found a shadowy altar of Dithmenos.
  3058 | D:3      | Noticed Terence
  3063 | D:3      | Killed Terence
  3063 | D:3      | Reached skill level 5 in Crossbows
  3099 | D:3      | Noticed Ijyb
  3107 | D:3      | Killed Ijyb
  3179 | D:3      | Noticed Jessica
  3188 | D:3      | Killed Jessica
  3289 | D:3      | Found a glowing silver altar of Zin.
  3423 | D:4      | Found Ukluusch's Assorted Antiques.
  3436 | D:4      | Reached XP level 7. HP: 37/38 MP: 10/10
  3450 | D:4      | Bought a scroll of remove curse for 75 gold pieces
  3897 | D:4      | Reached *** piety under Cheibriados
  3964 | D:4      | Reached skill level 1 in Armour
  4121 | D:4      | Reached skill level 6 in Crossbows
  4524 | D:4      | Reached **** piety under Cheibriados
  4638 | D:4      | Reached XP level 8. HP: 22/45 MP: 11/11
  4954 | D:5      | Entered Level 5 of the Dungeon
  4963 | D:4      | Killed Grinder
  4963 | D:4      | Reached skill level 7 in Crossbows
  4963 | D:4      | Reached skill level 5 in Dodging
  4963 | D:4      | Reached skill level 5 in Stealth
  5136 | D:4      | Mangled by an orc warrior

Skill      XL: |  1  2  3  4  5  6  7  8 |
---------------+-------------------------+-----
Crossbows      | 3 4 5 6 7 |  7.4
Spellcasting   | 2 |  2.0
Stealth        | 2 3 4 5 |  5.1
Dodging        | 3 4 5 |  5.0
Hexes          | 4 |  4.3
Armour         | 1 2 |  2.1
Fighting       | 2 3 |  3.4

Action                   |  1- 3 |  4- 6 |  7- 9 || total
-------------------------+-------+-------+-------++-------
Melee: Whip              |    70 |    14 |       ||    84
       Short sword       |       |    15 |    88 ||   103
 Fire: Hand crossbow     |    46 |    85 |   104 ||   235
Throw: Tomahawk          |       |       |     1 ||     1
 Cast: Corona            |     2 |     7 |     3 ||    12
Invok: Bend Time         |       |       |     2 ||     2
Evoke: Wand              |       |       |     1 ||     1
  Use: Scroll            |       |     6 |     3 ||     9
       Potion            |       |     3 |     6 ||     9
 Stab: Sleeping          |       |     1 |       ||     1
       Invisible         |       |       |     2 ||     2
       Distracted        |       |       |     1 ||     1
  Eat: Chunk             |    10 |     3 |     3 ||    16
Armor: Robe              |    16 |     3 |       ||    19
       Leather armour    |       |     5 |       ||     5
       Skin              |       |     1 |       ||     1
       Scale mail        |       |     2 |    68 ||    70
Dodge: Dodged            |    47 |    48 |   182 ||   277
